SAA
ITHACA FIGHTING IMPS @ PHOENIX HOTSPUR YOUTH
08/31/2038
 
TOP OF THE 1ST
Ithaca Fighting Imps batting - Pitching for Phoenix Hotspur Youth : RHP José Correa
Pitching: RHP José Correa
Batting: LHB Bill Gracián 0-0: Ball
1-0: Called Strike
1-1: Fly out, F8 (Line Drive, 8RD, EV 87.5 MPH)
Batting: RHB Jean Couturier 0-0: Ball
1-0: Called Strike
1-1: Called Strike
1-2: Ball
2-2: Ball
3-2: SINGLE (Groundball, 56D, EV 105.6 MPH)
Batting: LHB Ewan Manshert 0-0: Ball
1-0: Fly out, F9 (Flyball, 89D, EV 100.0 MPH)
Batting: LHB Donald McJannett 0-0: Foul Ball, location: 2F
0-1: Ball
1-1: Foul Ball, location: 2F
1-2: Ball
2-2: Ball
3-2: SINGLE (Flyball, 5D, EV 98.1 MPH)
Jean Couturier to second
Jean Couturier to third
Batting: SHB Alaska Abney 0-0: Ball
1-0: Ball
2-0: Called Strike
2-1: Ball
3-1: Base on Balls
Donald McJannett to second
Batting: RHB Jimmy Robinson 0-0: Swinging Strike
0-1: Ball
1-1: Called Strike
1-2: Ball
2-2: Ball
3-2: Foul Ball, location: 2F
3-2: Strikes out looking
Top of the 1st over - 0 runs, 2 hits, 0 errors, 3 left on base; Ithaca 0 - Phoenix Hotspur 0
BOTTOM OF THE 1ST
Phoenix Hotspur Youth batting - Pitching for Ithaca Fighting Imps : RHP Greg Hoover
Pitching: RHP Greg Hoover
Batting: RHB Eugene McClellan 0-0: Swinging Strike
0-1: Ball
1-1: Foul Ball, location: 2F
1-2: Foul Ball, location: 2F
1-2: Foul Ball, location: 2F
1-2: Ground out 4-3 (Groundball, 4M, EV 83.8 MPH)
Batting: LHB Carel Oskamp 0-0: Foul Ball, location: 2F
0-1: Ball
1-1: Ground out 1-3 (Groundball, 13, EV 82.5 MPH)
Batting: RHB Peer Kattenberg 0-0: Hit by Pitch
Batting: LHB Alfonso Ramírez 0-0: SINGLE (Groundball, 4D, EV 98.8 MPH)
Peer Kattenberg to second
Runner from 2nd tries for 3rd, SAFE, no throw by CF
Batting: LHB Pancho Coloma 0-0: Ground out 4-3 (Groundball, 34D, EV 101.2 MPH)
Bottom of the 1st over - 0 runs, 1 hit, 0 errors, 2 left on base; Ithaca 0 - Phoenix Hotspur 0
TOP OF THE 2ND
Ithaca Fighting Imps batting - Pitching for Phoenix Hotspur Youth : RHP José Correa
Batting: RHB J.J. Holmes 0-0: Ball
1-0: Ball
2-0: Swinging Strike
2-1: SINGLE (Flyball, 78S, EV 92.5 MPH)
Batting: RHB Nelson Rivera 0-0: Called Strike
0-1: Ball
1-1: Ball
2-1: SINGLE (Line Drive, 78S, EV 101.2 MPH)
J.J. Holmes to second
Batting: RHB Adrian Chandler 0-0: Ball
1-0: Foul Ball, location: 2F
1-1: Swinging Strike
1-2: Ball
2-2: Fly out, F8 (Flyball, 8LM, EV 88.1 MPH)
Batting: LHB Bill Gracián 0-0: Foul Ball, location: 2F
0-1: Ball
1-1: Ball
2-1: Ball
3-1: Base on Balls
J.J. Holmes to third
Nelson Rivera to second
Batting: RHB Jean Couturier 0-0: Fly out, F8 (Line Drive, 8RM, EV 84.4 MPH)
Batting: LHB Ewan Manshert 0-0: Ground out U3 (Groundball, 3, EV 90.0 MPH)
Top of the 2nd over - 0 runs, 2 hits, 0 errors, 3 left on base; Ithaca 0 - Phoenix Hotspur 0
BOTTOM OF THE 2ND
Phoenix Hotspur Youth batting - Pitching for Ithaca Fighting Imps : RHP Greg Hoover
Batting: RHB Nathan Pruitt 0-0: Called Strike
0-1: Ball
1-1: Foul Ball, location: 2F
1-2: Foul Ball, location: 2F
1-2: Ball
2-2: Foul Ball, location: 2F
2-2: Ball
3-2: Fly out, F8 (Flyball, 8RM, EV 85.6 MPH)
Batting: LHB Keith York 0-0: Ball
1-0: Swinging Strike
1-1: SINGLE (Line Drive, 4D, EV 95.6 MPH)
Batting: RHB Ronnie Wise 0-0: Called Strike
0-1: Ball
1-1: Ball
2-1: Swinging Strike
2-2: Ball
3-2: Strikes out swinging
Batting: RHB Tim Gray 0-0: Called Strike
0-1: Foul Ball, location: 2F
0-2: Ground out 1-3 (Groundball, 13, EV 83.1 MPH)
Bottom of the 2nd over - 0 runs, 1 hit, 0 errors, 1 left on base; Ithaca 0 - Phoenix Hotspur 0
TOP OF THE 3RD
Ithaca Fighting Imps batting - Pitching for Phoenix Hotspur Youth : RHP José Correa
Batting: LHB Donald McJannett 0-0: Ball
1-0: Ball
2-0: Called Strike
2-1: Foul Ball, location: 2F
2-2: Strikes out looking
Batting: SHB Alaska Abney 0-0: Fly out, F7 (Flyball, 78S, EV 79.4 MPH)
Batting: RHB Jimmy Robinson 0-0: Called Strike
0-1: Ball
1-1: Foul Ball, location: 2F
1-2: Foul Ball, location: 2F
1-2: Fly out, F8 (Flyball, 8LXD, EV 105.0 MPH)
Top of the 3rd over - 0 runs, 0 hits, 0 errors, 0 left on base; Ithaca 0 - Phoenix Hotspur 0
BOTTOM OF THE 3RD
Phoenix Hotspur Youth batting - Pitching for Ithaca Fighting Imps : RHP Greg Hoover
Batting: RHB Eugene McClellan 0-0: Ball
1-0: Ball
2-0: Ball
3-0: Base on Balls
Batting: LHB Carel Oskamp 0-0: Ball
1-0: Called Strike
1-1: Swinging Strike
1-2: Ball
2-2: Grounds into double play, 4-6-3 (Groundball, 4, EV 104.4 MPH)
Batting: RHB Peer Kattenberg 0-0: Called Strike
0-1: Reached on error, E3 (Groundball, 34, EV 94.4 MPH)
Batting: LHB Alfonso Ramírez 0-0: 2-RUN HOME RUN (Flyball, 9LD, EV 91.2 MPH), Distance : 348 ft
Batting: LHB Pancho Coloma 0-0: Foul Ball, location: 2F
0-1: Ground out 5-3 (Groundball, 5, EV 78.8 MPH)
Bottom of the 3rd over - 2 runs, 1 hit, 1 error, 0 left on base; Ithaca 0 - Phoenix Hotspur 2
TOP OF THE 4TH
Ithaca Fighting Imps batting - Pitching for Phoenix Hotspur Youth : RHP José Correa
Batting: RHB J.J. Holmes 0-0: Called Strike
0-1: Ground out 4-3 (Groundball, 4S, EV 93.1 MPH)
Batting: RHB Nelson Rivera 0-0: Foul Ball, location: 2F
0-1: Ball
1-1: Ball
2-1: Ball
3-1: Foul Ball, location: 2F
3-2: Foul Ball, location: 2F
3-2: Base on Balls
Batting: RHB Adrian Chandler 0-0: Foul Ball, location: 2F
0-1: Foul Ball, location: 2F
0-2: Ball
1-2: DOUBLE (Line Drive, 7LM, EV 103.8 MPH)
Nelson Rivera to third
Batting: LHB Bill Gracián 0-0: Ball
1-0: Ball
2-0: Fly out, F7 (Flyball, 78S, EV 81.9 MPH)
Batting: RHB Jean Couturier 0-0: Ball
1-0: Ball
2-0: Called Strike
2-1: Ball
3-1: Foul Ball, location: 2F
3-2: Base on Balls
Batting: LHB Ewan Manshert 0-0: Called Strike
0-1: Ball
1-1: SINGLE (Line Drive, 56, EV 97.5 MPH)
Nelson Rivera scores
Adrian Chandler to third
Jean Couturier to second
Runner from 3rd tries for Home, SAFE, throw by LF to home
Batting: LHB Donald McJannett 0-0: Ball
1-0: Ball
2-0: Foul Ball, location: 2F
2-1: Swinging Strike
2-2: Ball
3-2: Foul Ball, location: 2F
3-2: Foul Ball, location: 2F
3-2: Strikes out swinging
Top of the 4th over - 2 runs, 2 hits, 0 errors, 2 left on base; Ithaca 2 - Phoenix Hotspur 2
BOTTOM OF THE 4TH
Phoenix Hotspur Youth batting - Pitching for Ithaca Fighting Imps : RHP Greg Hoover
Batting: RHB Nathan Pruitt 0-0: Called Strike
0-1: Fly out, F4 (Popup, 3S, EV 77.5 MPH)
Batting: LHB Keith York 0-0: Ball
1-0: Ground out 5-3 (Groundball, 5S, EV 66.2 MPH)
Batting: RHB Ronnie Wise 0-0: Called Strike
0-1: Fly out, F9 (Flyball, 89M, EV 94.4 MPH)
Bottom of the 4th over - 0 runs, 0 hits, 0 errors, 0 left on base; Ithaca 2 - Phoenix Hotspur 2
TOP OF THE 5TH
Ithaca Fighting Imps batting - Pitching for Phoenix Hotspur Youth : RHP José Correa
Batting: SHB Alaska Abney 0-0: Ball
1-0: Foul Ball, location: 2F
1-1: Foul Ball, location: 2F
1-2: Foul Ball, location: 2F
1-2: Strikes out swinging
Batting: RHB Jimmy Robinson 0-0: Ground out 6-3 (Groundball, 6, EV 84.4 MPH)
Batting: RHB J.J. Holmes 0-0: Ball
1-0: Swinging Strike
1-1: Ball
2-1: Ball
3-1: Swinging Strike
3-2: Base on Balls
Pitching: RHP Elvis King
Batting: RHB Nelson Rivera 0-0: Swinging Strike
0-1: Called Strike
0-2: Strikes out swinging
Top of the 5th over - 0 runs, 0 hits, 0 errors, 1 left on base; Ithaca 2 - Phoenix Hotspur 2
BOTTOM OF THE 5TH
Phoenix Hotspur Youth batting - Pitching for Ithaca Fighting Imps : RHP Greg Hoover
Batting: RHB Tim Gray 0-0: Ball
1-0: Ball
2-0: Ball
3-0: Called Strike
3-1: Fly out, F8 (Flyball, 8LD, EV 101.2 MPH)
Batting: RHB Eugene McClellan 0-0: Called Strike
0-1: Fly out, F7 (Flyball, 7, EV 97.5 MPH)
Batting: LHB Carel Oskamp 0-0: Ball
1-0: Foul Ball, location: 2F
1-1: Ground out 1-3 (Groundball, P, EV 89.4 MPH)
Bottom of the 5th over - 0 runs, 0 hits, 0 errors, 0 left on base; Ithaca 2 - Phoenix Hotspur 2
TOP OF THE 6TH
Ithaca Fighting Imps batting - Pitching for Phoenix Hotspur Youth : RHP Elvis King
Batting: RHB Adrian Chandler 0-0: Ball
1-0: Called Strike
1-1: Ball
2-1: Ball
3-1: Foul Ball, location: 2F
3-2: TRIPLE (Flyball, 89XD, EV 88.1 MPH)
Batting: LHB Bill Gracián 0-0: Ball
1-0: SINGLE (Groundball, 3, EV 88.8 MPH) (infield hit)
Adrian Chandler scores
Batting: RHB Jean Couturier 0-0: Bunted foul
0-1: Ball
1-1: Ball
2-1: Sac Bunt to 13 - play at first, batter OUT! 1-4
Bill Gracián to second
Batting: LHB Ewan Manshert 0-0: Swinging Strike
0-1: Called Strike
0-2: Ball
1-2: Ball
2-2: Strikes out swinging
Batting: LHB Donald McJannett 0-0: Ball
1-0: Swinging Strike
1-1: SINGLE (Groundball, 4D, EV 106.9 MPH)
Bill Gracián to third
Runner from 3rd tries for Home, SAFE, no throw by CF
Batting: SHB Alaska Abney 0-0: Fly out, F5 (Popup, 56, EV 66.9 MPH)
Top of the 6th over - 2 runs, 3 hits, 0 errors, 1 left on base; Ithaca 4 - Phoenix Hotspur 2
BOTTOM OF THE 6TH
Phoenix Hotspur Youth batting - Pitching for Ithaca Fighting Imps : RHP Greg Hoover
Batting: RHB Peer Kattenberg 0-0: Ball
1-0: Called Strike
1-1: Fly out, F9 (Flyball, 9S, EV 92.5 MPH)
Batting: LHB Alfonso Ramírez 0-0: Ball
1-0: Ball
2-0: Called Strike
2-1: Foul Ball, location: 2F
2-2: Ground out U3 (Groundball, 34, EV 103.1 MPH)
Batting: LHB Pancho Coloma 0-0: Called Strike
0-1: Foul Ball, location: 2F
0-2: SINGLE (Groundball, 6, EV 86.9 MPH) (infield hit)
Batting: RHB Nathan Pruitt 0-0: Swinging Strike
0-1: Ball
1-1: Foul Ball, location: 2F
1-2: Ball
2-2: Strikes out swinging
Bottom of the 6th over - 0 runs, 1 hit, 0 errors, 1 left on base; Ithaca 4 - Phoenix Hotspur 2
TOP OF THE 7TH
Ithaca Fighting Imps batting - Pitching for Phoenix Hotspur Youth : RHP Elvis King
Batting: RHB Jimmy Robinson 0-0: Foul Ball, location: 2F
0-1: Swinging Strike
0-2: Fly out, F7 (Flyball, 7D, EV 86.2 MPH)
Batting: RHB J.J. Holmes 0-0: Fly out, F3 (Line Drive, 3, EV 68.1 MPH)
Batting: RHB Nelson Rivera 0-0: Ball
1-0: Called Strike
1-1: Ball
2-1: Ball
3-1: Ground out 6-3 (Groundball, 6, EV 103.8 MPH)
Top of the 7th over - 0 runs, 0 hits, 0 errors, 0 left on base; Ithaca 4 - Phoenix Hotspur 2
BOTTOM OF THE 7TH
Phoenix Hotspur Youth batting - Pitching for Ithaca Fighting Imps : RHP Greg Hoover
Batting: LHB Keith York 0-0: Foul Ball, location: 2F
0-1: Swinging Strike
0-2: SINGLE (Groundball, 56, EV 78.8 MPH) (infield hit)
Batting: RHB Ronnie Wise 0-0: Foul Ball, location: 2F
0-1: Foul Ball, location: 2F
0-2: Ball
1-2: Foul Ball, location: 2F
1-2: Ball
2-2: Fly out, F9 (Line Drive, 9D, EV 91.9 MPH)
Batting: RHB Tim Gray 0-0: Ball
1-0: Fly out, F6 (Line Drive, 6, EV 70.6 MPH)
Batting: RHB Eugene McClellan 0-0: Ball
1-0: Called Strike
1-1: SINGLE (Groundball, 6, EV 110.0 MPH) (infield hit)
Keith York to second
Batting: LHB Carel Oskamp 0-0: Ball
1-0: Fielders Choice at 2nd, 6-4 (Groundball, 6, EV 102.5 MPH)
Bottom of the 7th over - 0 runs, 2 hits, 0 errors, 2 left on base; Ithaca 4 - Phoenix Hotspur 2
TOP OF THE 8TH
Ithaca Fighting Imps batting - Pitching for Phoenix Hotspur Youth : RHP Elvis King
Batting: RHB Adrian Chandler 0-0: Fly out, F7 (Flyball, 7S, EV 88.8 MPH)
Batting: LHB Bill Gracián 0-0: Ball
1-0: Ground out 6-3 (Groundball, 6, EV 79.4 MPH)
Batting: RHB Jean Couturier 0-0: Foul Ball, location: 2F
0-1: Ball
1-1: Foul Ball, location: 2F
1-2: Foul Ball, location: 2F
1-2: Foul Ball, location: 2F
1-2: Fly out, F7 (Flyball, 7, EV 96.9 MPH)
Top of the 8th over - 0 runs, 0 hits, 0 errors, 0 left on base; Ithaca 4 - Phoenix Hotspur 2
BOTTOM OF THE 8TH
Phoenix Hotspur Youth batting - Pitching for Ithaca Fighting Imps : RHP Greg Hoover
Batting: RHB Peer Kattenberg 0-0: Ball
1-0: Called Strike
1-1: Fly out, F1 (Popup, P, EV 83.1 MPH)
Batting: LHB Alfonso Ramírez 0-0: Ball
1-0: Ground out 4-3 (Groundball, 34D, EV 86.9 MPH)
Batting: LHB Pancho Coloma 0-0: Called Strike
0-1: Swinging Strike
0-2: Hit by Pitch
Pitching: RHP Greg O'Day
Batting: RHB Nathan Pruitt 0-0: Called Strike
0-1: Foul Ball, location: 2F
0-2: Strikes out swinging
Bottom of the 8th over - 0 runs, 0 hits, 0 errors, 1 left on base; Ithaca 4 - Phoenix Hotspur 2
TOP OF THE 9TH
Ithaca Fighting Imps batting - Pitching for Phoenix Hotspur Youth : RHP Elvis King
Pitching: RHP Brenton Gunter
Batting: LHB Ewan Manshert 0-0: Ball
1-0: Foul Ball, location: 2F
1-1: SINGLE (Groundball, 5D, EV 102.5 MPH)
Batting: LHB Donald McJannett 0-0: Called Strike
0-1: Foul Ball, location: 2F
0-2: Ball
1-2: Ball
2-2: Ball
3-2: Foul Ball, location: 2F
3-2: Base on Balls
Ewan Manshert to second
Batting: SHB Alaska Abney 0-0: Ball
1-0: Foul Ball, location: 2F
1-1: Ball
2-1: Fly out, F7 (Flyball, 7D, EV 90.6 MPH)
Batting: RHB Jimmy Robinson 0-0: Ball
1-0: Grounds into double play, 5-4-3 (Groundball, 56, EV 111.2 MPH)
Top of the 9th over - 0 runs, 1 hit, 0 errors, 1 left on base; Ithaca 4 - Phoenix Hotspur 2
BOTTOM OF THE 9TH
Phoenix Hotspur Youth batting - Pitching for Ithaca Fighting Imps : RHP Greg O'Day
Pitching: LHP Jeffery Brock
Batting: LHB Keith York 0-0: Called Strike
0-1: Ball
1-1: Called Strike
1-2: SINGLE (Groundball, 4D, EV 100.6 MPH)
Batting: RHB Ronnie Wise 0-0: Swinging Strike
0-1: Ball
1-1: Grounds into double play, 5-4-3 (Groundball, 56, EV 104.4 MPH)
Batting: RHB Tim Gray 0-0: Ball
1-0: Ball
2-0: Called Strike
2-1: Ball
3-1: Base on Balls
Batting: RHB Eugene McClellan 0-0: Foul Ball, location: 2F
0-1: Foul Ball, location: 2F
0-2: Ground out 1-3 (Groundball, 13, EV 85.0 MPH)
Bottom of the 9th over - 0 runs, 1 hit, 0 errors, 1 left on base; Ithaca 4 - Phoenix Hotspur 2
Friday, April 17th, 2020 - OOTP Baseball 20.8 Build 74